 Dungeon Crawl Stone Soup version 0.14-a0-1719-ga7e7698 (webtiles) character file.

188 Psiweapon the Covered (level 5, -13/37 HPs)
             Began as a Formicid Fighter on Jan 2, 2014.
             Mangled by an ogre
             ... wielding a +0,+0 giant spiked club
              (16 damage)
             ... on Level 4 of the Dungeon.
             The game lasted 00:08:01 (2171 turns).

Psiweapon the Covered (Formicid Fighter)            Turns: 2171, Time: 00:08:01

HP -13/37        AC  9     Str 22      XL: 5   Next:  5%
MP   5/5         EV  6     Int  7      God:
Gold 103         SH 19     Dex 10      Spells:  0 memorised,  4 levels left

rFire  . . .     SeeInvis +     a - +0,+1 falchion
rCold  . . .     Clarity  .     b - +0 scale mail
rNeg   . . .     Conserve .     c - +0 shield
rPois  x         rCorr    .     (helmet unavailable)
rElec  .         rRot     .     y - +0 cloak
SustAb + .       Spirit   .     (no gloves)
rMut   .         Warding  .     (no boots)
Saprov . . .     Stasis   +     (no amulet)
                                x - cursed ring of hunger
                                o - ring of sustain abilities {unknown}

@: slightly resistant to hostile enchantments, extremely unstealthy
A: permanent stasis, dig shafts and tunnels, four strong arms, poison weakness,
antennae 3, exoskeleton 1
a: Dig, Shaft Self


You were on level 4 of the Dungeon.
You were hungry.

You visited 1 branch of the dungeon, and saw 4 of its levels.

You collected 103 gold pieces.

Inventory:

Hand weapons
 a - a +0,+1 falchion (weapon)
 e - a +0,+1 dagger of protection
 s - a +0,+0 crossbow
Missiles
 g - 25 sling bullets
Armour
 b - a +0 scale mail (worn)
 c - a +0 shield (worn)
 y - a +0 cloak (worn)
Comestibles
 d - 3 bread rations
 t - 2 meat rations
 z - 14 strawberries
Scrolls
 h - a scroll of enchant weapon II
 i - a scroll of enchant weapon I {unknown}
 j - 4 scrolls of remove curse {unknown}
 k - a scroll of enchant armour {unknown}
 l - a scroll of fear {unknown}
 n - a scroll of amnesia {unknown}
 u - a scroll of identify {unknown}
 v - a scroll of fog {unknown}
 w - a scroll of curse jewellery {unknown}
Jewellery
 o - a ring of sustain abilities (left hand) {unknown}
 x - a cursed ring of hunger (right hand)
Potions
 f - a potion of magic {unknown}
 m - a potion of heal wounds {unknown}
 p - a potion of poison {unknown}
 q - a potion of resistance {unknown}
 r - 4 potions of curing {unknown}


   Skills:
 + Level 3.6 Fighting
 + Level 2.6 Long Blades
 + Level 4.4 Armour
 + Level 3.7 Shields


You had 4 spell levels left.
You didn't know any spells.

Dungeon Overview and Level Annotations

Branches:
Dungeon (4/16)
 Temple: D:4-7

Altars:

Annotations:
D:3 HollowCharge's ghost, experienced TeFi


Innate Abilities, Weirdness & Mutations

Your are under a permanent stasis effect.
You can dig through walls and to a lower floor.
Your four strong arms can wield any weapon, most with a shield.
You are susceptible to poison.
You have a pair of large antennae on your head (SInv).
Your body is surrounded by an exoskeleton. (HP +5, AC +1)


Message History

The hound bites you but does no damage.
You barely miss the ogre.
The ogre hits you with a giant spiked club!
You slash the ogre!
The ogre is moderately wounded.
The ogre barely misses you.
You slash the ogre!
The ogre is heavily wounded.
You block the ogre's attack.
You hit the ogre.
The ogre is severely wounded.
The ogre hits you with a giant spiked club!
* * * LOW HITPOINT WARNING * * *
You hit the ogre.
The ogre is almost dead.
You block the ogre's attack.
You hit the ogre.
The ogre is almost dead.
The ogre hits you with a giant spiked club!
You die...

#.... . #$.... ..
#...... ....
+..>....
....#####.....$..
........#........
#....#........
##.$..O........#
#....{#@######+#
#.....#<........
.........#.........
...#.....#.........
.. #.....#.........
#.#+###......... #.
#......... #.
#.........
#........


You could see an ogre.

Vanquished Creatures
  Ijyb (D:2)
  2 adders (D:2)
  2 oozes (D:1)
  2 bats (D:1)
  6 goblins
  6 hobgoblins
  7 jackals
  6 kobolds
  A quokka (D:2)
  3 giant geckos
  3 giant newts
  7 rats
46 creatures vanquished.

Notes
Turn   | Place    | Note
--------------------------------------------------------------
     0 | D:1      | Psiweapon, the Formicid Fighter, began the quest for the Orb.
     0 | D:1      | Reached XP level 1. HP: 19/19 MP: 1/1
   141 | D:1      | Reached XP level 2. HP: 24/24 MP: 2/2
   411 | D:1      | Reached XP level 3. HP: 28/28 MP: 3/3
   449 | D:1      | Reached skill level 4 in Armour
   963 | D:2      | Reached XP level 4. HP: 28/33 MP: 4/4
  1031 | D:2      | Noticed Ijyb
  1066 | D:2      | Killed Ijyb
  1769 | D:3      | Reached XP level 5. HP: 37/37 MP: 5/5
  2061 | D:3      | Noticed HollowCharge's ghost (experienced TeFi)
  2158 | D:4      | Noticed an ogre
  2171 | D:4      | Mangled by an ogre

Action                   |  1- 3 |  4- 6 || total
-------------------------+-------+-------++-------
Melee: Falchion          |   117 |    78 ||   195
  Use: Scroll            |       |     1 ||     1
